 Dungeon Sprint DCSS version 0.21-a0-227-g58a7c62 (webtiles) character file.

1913 Kidiri the Grappler (level 8, -2/87 HPs)
             Began as a Troll Monk on Aug 30, 2017.
             Was an Elder of Qazlal.
             Slain by a demonic crawler (4 damage)
             ... summoned by a deep elf mage
             ... in the Dungeon (Sprint IX: "|||||||||||||||||||||||||||||").
             The game lasted 00:03:01 (350 turns).

Kidiri the Grappler (Troll Monk)                     Turns: 350, Time: 00:03:02

Health: -2/87      AC:  7    Str: 21    XL:     8   Next: 95%
Magic:  3/11       EV:  8    Int:  9    God:    Qazlal [****..]
Gold:   0          SH:  0    Dex: 13    Spells: 7/7 levels left

rFire    . . .     SeeInvis .     - Unarmed
rCold    . . .     Gourm    +   (no shield)
rNeg     . . .     Faith    .   a - +0 robe
rPois    .         Spirit   .   (helmet restricted)
rElec    .         Reflect  .   (no cloak)
rCorr    .         Harm     .   (gloves unavailable)
MR       .....     NoTele   +   (boots unavailable)
Stlth    +.........             (no amulet)
HPRegen  0.64/turn              o - +3 ring of intelligence
MPRegen  0.12/turn              p - +2 ring of protection

@: held, repel missiles
A: unfitting armour, claws 3, fast metabolism 3, gourmand, regeneration 1,
shaggy fur 1, tough skin 2
a: Upheaval, Elemental Force, Renounce Religion


You were in the Dungeon.
You worshipped Qazlal.
Qazlal was greatly pleased with you.
You were very full.

You visited 1 branch

Inventory:

Missiles
 c - 3 tomahawks (quivered)
Armour
 a - a +0 robe (worn)
Jewellery
 o - a +3 ring of intelligence (left claw)
 p - a +2 ring of protection (right claw)
Wands
 n - a wand of lightning (7/15)
Scrolls
 h - 2 scrolls of blinking
 l - 3 scrolls of remove curse
 m - 2 scrolls of amnesia
Potions
 d - a potion of invisibility
 e - a potion of haste
 f - 4 potions of magic
 g - a potion of berserk rage
 k - 3 potions of curing
Comestibles
 b - 2 bread rations
 i - 3 chunks of flesh


   Skills:
 + Level 7.4 Fighting
 * Level 10.4 Dodging
 - Level 1.0 Stealth
 * Level 12.1 Unarmed Combat
 + Level 6.4 Invocations


You had 7 spell levels left.
You didn't know any spells.

Dungeon Overview and Level Annotations

Branches:
Dungeon (1/1)

Altars:
Cheibriados
Dithmenos
Elyvilon
Fedhas
Gozag
Hepliaklqana
Kikubaaqudgha
Makhleb
Nemelex Xobeh
Okawaru
Qazlal
Ru
Sif Muna
Trog
Uskayaw
Vehumet
Wu Jian
Xom
Yredelemnul
Zin
The Shining One
Beogh
Jiyva
Lugonu


Innate Abilities, Weirdness & Mutations

You are too large for most types of armour.
You have claws for hands.
Your metabolism is lightning-fast.
You like to eat raw meat.
Your natural rate of healing is unusually fast.
You are covered in fur. (AC +1)
You have very tough skin. (AC +2)


Message History

The demonic crawler closely misses you. The demonic crawler hits you.
* * * LOW HITPOINT WARNING * * *
The demonic crawler misses you.
The jumping spider leaps!
The deep elf mage gestures wildly while chanting.
You barely miss the demonic crawler. The jumping spider pounces on you!
* * * LOW HITPOINT WARNING * * *
You are caught in a web!
The jumping spider bites you but does no damage.
The demonic crawler hits you but does no damage.
The demonic crawler hits you!
* * * LOW HITPOINT WARNING * * *
The demonic crawler hits you but does no damage.
You feel better. The jumping spider pounces on you!
* * * LOW HITPOINT WARNING * * *
You are even more entangled.
The jumping spider bites you.
* * * LOW HITPOINT WARNING * * *
The demonic crawler closely misses you.
The demonic crawler hits you but does no damage.
The demonic crawler hits you.
You die... ▓▓▓▓▓▓▓▓▓▓▓▓▓▓▓▓▓▓▓▓▓▓▓▓ ..|)[[[..)(.43es@s.....+ ▓▓▓▓▓▓▓▓▓▓▓▓▓▓▓▓▓▓▓▓▓▓▓▓

You could see a demonic crawler, a sun demon, an ice devil, a deep elf mage and a jumping spider.

Vanquished Creatures
  A centaur warrior (D)
  A two-headed ogre (D)
  A wyvern (D)
  A basilisk (D)
  A soldier ant (D)
  A centaur (D)
  A bullfrog (D)
  A jelly (D)
  An orc wizard (D)
  An iguana (D)
  2 adders (D)
  A dart slug (D)
  2 orcs (D)
  A bat zombie (D)
  A hobgoblin (D)
  A quokka (D)
  3 bats (D)
21 creatures vanquished.

Vanquished Creatures (others)
  A spatial maelstrom (D)
1 creature vanquished.

Grand Total: 22 creatures vanquished

Notes
Turn   | Place    | Note
-------+----------+-------------------------------------------
     0 | D        | Kidiri the Troll Monk began the quest for the Orb.
     0 | D        | Reached XP level 1. HP: 22/22 MP: 0/0
    10 | D        | Banished a spatial maelstrom
    29 | D        | Noticed an orc wizard
    29 | D        | Noticed an iguana
    34 | D        | Reached skill level 4 in Unarmed Combat
    34 | D        | Reached XP level 2. HP: 28/29 MP: 1/1
    42 | D        | HP: 1/29 [orc wizard/magic dart (9)]
    52 | D        | Reached skill level 5 in Unarmed Combat
    52 | D        | Reached XP level 3. HP: 9/37 MP: 2/2
    54 | D        | Reached skill level 5 in Dodging
    54 | D        | Reached XP level 4. HP: 6/48 MP: 3/3
    69 | D        | Found a roughly hewn altar of Beogh.
    69 | D        | Found a snail-covered altar of Cheibriados.
    69 | D        | Found a shadowy altar of Dithmenos.
    69 | D        | Found a white marble altar of Elyvilon.
    69 | D        | Found a blossoming altar of Fedhas.
    69 | D        | Found an opulent altar of Gozag.
    70 | D        | Found a hazy altar of Hepliaklqana.
    71 | D        | Found a viscous altar of Jiyva.
    72 | D        | Found an ancient bone altar of Kikubaaqudgha.
    73 | D        | Found a corrupted altar of Lugonu.
    74 | D        | Found a burning altar of Makhleb.
    75 | D        | Found a sparkling altar of Nemelex Xobeh.
    76 | D        | Found an iron altar of Okawaru.
    77 | D        | Found a stormy altar of Qazlal.
    78 | D        | Found a sacrificial altar of Ru.
    79 | D        | Found a deep blue altar of Sif Muna.
    80 | D        | Found a bloodstained altar of Trog.
    81 | D        | Found a hide-covered altar of Uskayaw.
    82 | D        | Found a radiant altar of Vehumet.
    83 | D        | Found an ornate altar of the Wu Jian Council.
    84 | D        | Found a shimmering altar of Xom.
    85 | D        | Found a basalt altar of Yredelemnul.
    86 | D        | Found a glowing silver altar of Zin.
    87 | D        | Found a glowing golden altar of the Shining One.
   133 | D        | Became a worshipper of Qazlal Stormbringer
   133 | D        | Reached * piety under Qazlal
   133 | D        | Reached ** piety under Qazlal
   211 | D        | Noticed a bullfrog
   211 | D        | Noticed a centaur
   211 | D        | Noticed a two-headed ogre
   213 | D        | Killed a bullfrog
   213 | D        | Reached skill level 6 in Unarmed Combat
   214 | D        | Reached skill level 7 in Unarmed Combat
   214 | D        | Reached XP level 5. HP: 54/54 MP: 4/4
   222 | D        | Killed a two-headed ogre
   222 | D        | Reached skill level 10 in Unarmed Combat
   222 | D        | Reached XP level 6. HP: 29/67 MP: 0/8
   222 | D        | Reached XP level 7. HP: 33/75 MP: 0/9
   228 | D        | Reached *** piety under Qazlal
   309 | D        | Noticed a basilisk
   309 | D        | Noticed a centaur warrior
   309 | D        | Noticed a deep elf mage
   309 | D        | Noticed a wyvern
   326 | D        | Killed a basilisk
   326 | D        | Reached skill level 5 in Invocations
   326 | D        | Reached XP level 8. HP: 84/84 MP: 5/10
   332 | D        | Killed a centaur warrior
   332 | D        | Reached skill level 10 in Dodging
   332 | D        | Reached skill level 11 in Unarmed Combat
   337 | D        | Noticed a jumping spider
   337 | D        | Noticed a demonic crawler
   337 | D        | Reached skill level 12 in Unarmed Combat
   344 | D        | Noticed a sun demon
   347 | D        | Noticed a jumping spider
   348 | D        | Reached **** piety under Qazlal
   349 | D        | Noticed an ice devil
   350 | D        | HP: 3/87 [jumping spider[a deep elf mage] (15)]
   350 | D        | Slain by a demonic crawler

Vault maps used:
D:        linesprint

Skill      XL: |  1  2  3  4  5  6  7  8 |
---------------+-------------------------+-----
Dodging        | 3 4 5 6 8 9 10 | 10.4
Unarmed Combat | 4 5 7 10 12 | 12.1
Fighting       | 3 4 6 7 |  7.4
Invocations    | 4 5 6 |  6.4
Stealth        | |  1.0

Action                   |  1- 3 |  4- 6 |  7- 9 || total
-------------------------+-------+-------+-------++-------
Melee: Unarmed           |    37 |     9 |    32 ||    78
       Punch             |     1 |       |     2 ||     3
Invok: Upheaval          |       |     1 |     2 ||     3
  Use: Potion            |     2 |     1 |     2 ||     5
  Eat: Chunk             |       |     7 |     1 ||     8
Armor: Robe              |    11 |     1 |     7 ||    19
Dodge: Dodged            |    19 |     3 |    34 ||    56
Block: Other             |       |     1 |     4 ||     5

Table legend:
 A = Spawn XP
 B = Non-spawn XP
 C = Spawn XP percentage of total XP
 D = Spawn monster count
 E = Non-spawn monster count
 F = Spawn count percentage of total count
 G = Total turns spent on level
                    A         B        C        D         E        F      G
               +---------+---------+-------+---------+---------+-------+---------
         Total |       0 |    2733 |   0.0 |       0 |      21 |   0.0 |   350
               +---------+---------+-------+---------+---------+-------+---------
             D |       0 |    2733 |   0.0 |       0 |      21 |   0.0 |   350
               +---------+---------+-------+---------+---------+-------+---------
